 Dungeon Crawl Stone Soup version 0.25-a0-589-g1e14c549ee (webtiles) character file.

Game seed: 2136189686825421470, levelgen mode: deterministic

109 An17 the Ruffian (level 4, 0/52 HPs)
             Began as a Draconian Transmuter on Mar 9, 2020.
             Was an Initiate of Cheibriados.
             Succumbed to a kobold's poison
             ... on level 3 of the Dungeon.
             The game lasted 00:08:20 (2231 turns).

An17 the Ruffian (Draconian Transmuter)             Turns: 2231, Time: 00:08:20

Health: 0/52       AC: 22    Str: 14    XL:     4   Next: 60%
Magic:  3/7        EV:  2    Int: 15    God:    Cheibriados [......]
Gold:   115        SH:  0    Dex: 12    Spells: 1/7 levels left

rFire    . . .     SeeInvis .     - Unarmed
rCold    . . .     Gourm    .   (no shield)
rNeg     + + +     Faith    .   (armour unavailable)
rPois    +         Spirit   +   (helmet currently unavailable)
rElec    .         Reflect  .   (cloak currently unavailable)
rCorr    .         Harm     .   (gloves currently unavailable)
MR       .....     NoTele   +   (boots currently unavailable)
Stlth    +.........             b - amulet of guardian spirit
HPRegen  0.17/turn              (no ring)
MPRegen  0.10/turn              (no ring)

@: lethally poisoned (0 -> -2), tree-form, very slow
A: unfitting armour, AC +5
a: Bend Time, Renounce Religion


You were on level 3 of the Dungeon.
You worshipped Cheibriados.
Cheibriados was noncommittal.
You were not hungry.
You were a tree.
You visited 1 branch of the dungeon, and saw 3 of its levels.

You collected 115 gold pieces.

Inventory:

Missiles
 a - 12 arrows
 d - 38 poisoned darts (quivered)
Jewellery
 b - an amulet of guardian spirit (around neck)
Scrolls
 h - a scroll of remove curse
Potions
 e - a potion of flight
 i - a potion of haste
Comestibles
 c - 2 rations


   Skills:
 + Level 1.3 Fighting
 + Level 2.5 Dodging
 + Level 0.8 Stealth
 + Level 3.9 Unarmed Combat
 + Level 2.4 Spellcasting
 + Level 2.8 Transmutations
 + Level 0.1 Poison Magic


You had one spell level left.
You knew the following spells:

 Your Spells              Type           Power        Failure   Level  Hunger
a - Beastly Appendage     Tmut           ##....       7%          1    #......
b - Sticks to Snakes      Tmut           ##......     10%         2    ###....
c - Spider Form           Tmut/Pois      #.........   34%         3    ###....

Your spell library contained the following spells:

 Spells                   Type           Power        Failure   Level  Hunger
 Ice Form                 Ice/Tmut       #.......     75%         4    #####..
 Blade Hands              Tmut           ##........   88%         5    ######.


Dungeon Overview and Level Annotations

Branches:
Dungeon (3/15)

Altars:
Cheibriados
Dithmenos
Elyvilon
Nemelex Xobeh
Xom


Innate Abilities, Weirdness & Mutations

((Your plain brown scales are hard. (AC +5)))
You cannot fit into any form of body armour.
((You are cold-blooded and may be slowed by cold attacks.))


Message History

You barely miss the hobgoblin.
The hobgoblin hits you but does no damage.
You smack the hobgoblin!
You kill the hobgoblin!
Cheibriados appreciates the change of pace.
* * * LOW HITPOINT WARNING * * *
You feel sick.
You cannot move.
You cannot move.
Okay, then.
* * * LOW HITPOINT WARNING * * *
You feel sick.
* * * LOW HITPOINT WARNING * * *
You feel sick.
Okay, then.
* * * LOW HITPOINT WARNING * * *
You feel sick.
* * * LOW HITPOINT WARNING * * *
You feel sick.
You die...

....... ##.. #### .......
... ..# ....... #.####
#.# ...$..##.$..
######.### ...$....#
#......<.(
..♣.♣.♣.♣.♣#♣###.........
..............##.........
#.♣.♣#♣†♣.♣#♣..).........
#..♣.# ##.#.........
#..######.######....
#.###..#.#.≈#.###... ##
#..≈.##...≈≈####
#.##..#^#≈≈#..####
##≈.≈≈##..#⌠⌠#≈##.#
#..⌠#.#.≈#^≈...##.#
#..≈≈...≈†#^[⌠⌠≈.##
#####.###.)≈.#≈##^#


There were no monsters in sight!

Vanquished Creatures
  Jessica (D:2)
  2 adders
  A worm (D:2)
  2 dart slugs
  3 orcs (D:3)
  A giant cockroach (D:3)
  3 goblins
  9 hobgoblins
  8 jackals
  A quokka (D:3)
  5 bats
  3 frilled lizards
  7 kobolds
  9 rats
55 creatures vanquished.

Vanquished Creatures (others)
  A frilled lizard (D:2)
1 creature vanquished.

Grand Total: 56 creatures vanquished

Notes
Turn   | Place    | Note
-------+----------+-------------------------------------------
     0 | D:1      | An17 the Draconian Transmuter began the quest for the Orb.
     0 | D:1      | Reached XP level 1. HP: 16/16 MP: 3/3
    48 | D:1      | Reached XP level 2. HP: 3/23 MP: 5/5
    67 | D:1      | Learned a level 2 spell: Sticks to Snakes
   911 | D:1      | Reached XP level 3. HP: 22/28 MP: 4/6
   916 | D:1      | Learned a level 3 spell: Spider Form
  1327 | D:2      | Found a snail-covered altar of Cheibriados.
  1348 | D:2      | Became a worshipper of Cheibriados the Contemplative
  1602 | D:2      | Found a white marble altar of Elyvilon.
  1703 | D:2      | Found a sparkling altar of Nemelex Xobeh.
  1703 | D:2      | Noticed Jessica
  1711 | D:2      | Killed Jessica
  1711 | D:2      | Reached XP level 4. HP: 32/35 MP: 4/7
  1964 | D:3      | Found a shadowy altar of Dithmenos.
  2150 | D:3      | Found a shimmering altar of Xom.
  2222 | D:3      | HP: 2/52 [poisoned by a kobold]
  2227 | D:3      | HP: 1/52 [poisoned by a kobold]
  2231 | D:3      | Succumbed to a kobold's poison

Levels and vault maps discovered:
D:1:      dpeg_arrival_round_b, layout_basic
D:2:      layout_loops_ring, elyvilon_altar_4, cheibriados_altar_1,
          nemelex_lonely_heart_becter
D:3:      layout_rooms, tgw_xom, grunt_dithmenos_smoke, serial_forest,
          infiniplex_forest_clump_small, infiniplex_forest_end_1,
          infiniplex_forest_lined_3, infiniplex_forest_clump_long,
          infiniplex_forest_end_double, infiniplex_forest_pool,
          infiniplex_forest_straight_5

Skill      XL: |  1  2  3 |
---------------+----------+-----
Dodging        | 2 |  2.5
Fighting       | |  1.3
Stealth        | |  0.8
Unarmed Combat | |  3.9
Spellcasting   | |  2.4
Transmutations | |  2.8
Poison Magic   | |  0.1

Action                   |  1- 3 |  4- 6 || total
-------------------------+-------+-------++-------
Melee: Unarmed           |   136 |    54 ||   190
       Tailslap          |    12 |     3 ||    15
       Headbutt          |     5 |     2 ||     7
       Kick              |     9 |     1 ||    10
       Punch             |     1 |     1 ||     2
 Cast: Beastly Appendage |    14 |     6 ||    20
       Spider Form       |       |     2 ||     2
  Use: Scroll            |     6 |     1 ||     7
       Potion            |       |     2 ||     2
  Eat: Ration            |     1 |     1 ||     2
Armor: Skin              |    50 |    33 ||    83
Dodge: Dodged            |    83 |    43 ||   126

Table legend:
 A = Non-vault XP
 B = Vault XP
 C = Vault XP percentage of total XP
 D = Non-vault monster count
 E = Vault monster count
 F = Vault count percentage of total count
                 A         B        C        D         E       F
            +---------+---------+-------+---------+---------+-------
      Total |     106 |      51 |  32.5 |      47 |       8 |  14.5
            +---------+---------+-------+---------+---------+-------
        D:1 |      45 |       0 |   0.0 |      27 |       0 |   0.0
        D:2 |      36 |      37 |  50.7 |      12 |       1 |   7.7
        D:3 |      25 |      14 |  35.9 |       8 |       7 |  46.7
            +---------+---------+-------+---------+---------+-------
